 Dungeon Crawl Stone Soup version 0.30.1-9-gdf580d7c3d (webtiles) character file.

Game seed: 16336531918854302796

7527 CrazyMind the Destroyer (level 11, -4/56 HPs)
             Began as a Tengu Conjurer on Oct 9, 2023.
             Was an Initiate of Gozag.
             Hit by a javelin thrown by a minotaur (24 damage)
             ... in a Gauntlet.
             The game lasted 01:02:37 (12798 turns).

CrazyMind the Destroyer (Tengu Conjurer)           Turns: 12798, Time: 01:02:37

Health: -4/56      AC:  4    Str:  8    XL:     11   Next: 16%
Magic:  24/25      EV: 36    Int: 23    God:    Gozag
Gold:   277        SH:  0    Dex: 12    Spells: 15/29 levels left

rFire   + . .        U - staff of conjuration
rCold   . . .        (no shield)
rNeg    . . .        a - +0 robe
rPois   .            (helmet restricted)
rElec   .            v - +0 cloak
rCorr   .            A - +0 pair of gloves
SInv    .            (boots unavailable)
Will    .....        F - amulet of the acrobat
Stlth   +++          y - +5 ring of evasion
HPRegen 0.29/turn    H - ring of protection from fire
MPRegen 0.19/turn

%: no teleportation, acrobat
@: brilliant, acrobatic, attractive, flying quickly and evasively, quick
A: beak, talons 3, nimble flight
a: Renounce Religion, Potion Petition, Call Merchant, Bribe Branch


You were in a Gauntlet.
You worshipped Gozag.
Gozag was aware of your devotion.
You visited 2 branches of the dungeon, and saw 12 of its levels.
You also visited: Gauntlet.

You collected 1336 gold pieces.
You spent 196 gold pieces at shops.
You paid 863 gold pieces to Gozag.

Inventory:

Hand Weapons
 m - a +1 vampiric whip
 B - a +2 dagger of protection
 I - a +1 short sword of venom
Missiles
 e - 8 throwing nets
 o - 5 poisoned darts
 p - 6 boomerangs
 Q - 4 silver javelins (quivered)
Armour
 a - a +0 robe (worn)
 v - a +0 cloak (worn)
 A - a +0 pair of gloves (worn)
Magical Staves
 h - a staff of earth
 U - a staff of conjuration (weapon)
Jewellery
 d - the amulet "Hayxt" {RegenMP Dex+2}
   (You found it in a Gauntlet)

   [amulet of magic regeneration]

   It increases your rate of magic regeneration.
   Dex:       It affects your dexterity (+2).
 f - the ring of Fumut {rF+ rN+ MP-9 Dex+2 SInv}
   (You found it in a Gauntlet)

   [ring of positive energy]

   Dex:       It affects your dexterity (+2).
   rF:        It protects you from fire.
   rN:        It protects you from negative energy.
   MP:        It affects your magic capacity (-9).
   SInv:      It lets you see invisible.
 g - a ring of ice
 y - a +5 ring of evasion (left hand)
 F - an amulet of the acrobat (around neck)
 H - a ring of protection from fire (right hand)
 S - a ring of positive energy
Wands
 c - a wand of polymorph (14)
 i - a wand of mindburst (13)
 L - a wand of acid (21)
 R - a wand of flame (36)
 W - a wand of iceblast (5)
Scrolls
 j - 3 scrolls of fear
 w - 4 scrolls of teleportation
 G - 2 scrolls of enchant weapon
 K - a scroll of amnesia
 N - a scroll of butterflies
 T - a scroll of poison {unknown}
Potions
 b - 2 potions of magic
 k - 5 potions of haste
 n - 8 potions of curing
 r - a potion of mutation
 s - a potion of lignification
 t - 2 potions of heal wounds
 D - 2 potions of might
 E - 3 potions of brilliance
 O - 4 potions of resistance


   Skills:
 + Level 1.2 Fighting
 + Level 6.1 Dodging
 + Level 6.4 Stealth
 * Level 9.8 Spellcasting
 * Level 14.3 Conjurations
 + Level 2.1 Hexes


You had 15 spell levels left.
You knew the following spells:

 Your Spells              Type           Power      Damage    Failure   Level
a - Magic Dart            Conj           100%       1d8       0%          1
b - Searing Ray           Conj           100%       2d8       1%          2
c - Dazzling Flash        Conj/Hex       100%       N/A       1%          3
d - Iskenderun's Mystic   Conj/Tloc      79%        2d16      3%          4
e - Fulminant Prism       Conj/Hex       42%        3d19      1%          4

Your spell library contained the following spells:

 Spells                   Type           Power      Damage    Failure   Level
 Hailstorm                Conj/Ice       78%        3d16      1%          3
 Stone Arrow              Conj/Erth      100%       3d13      1%          3
 Freeze                   Ice            64%        1d7       6%          1
 Sting                    Tmut/Pois      64%        1d6       6%          1
 Poisonous Vapours        Pois/Air       32%        N/A       9%          2
 Frozen Ramparts          Ice            32%        1d5       17%         3
 Animate Armour           Summ/Erth      32%        N/A       50%         4
 Olgreb's Toxic Radiance  Pois           16%        N/A       50%         4
 Lehudib's Crystal Spear  Conj/Erth      39%        10d10     100%        8


Dungeon Overview and Level Annotations

Branches:
Dungeon (11/15) Zot: 26873  Temple (1/1) D:7 Zot: 5826    Lair (0/5) D:11
Gauntlet (1/1) Zot: 5012
    Orc: D:9-12

Altars:
Ashenzari
Cheibriados
Dithmenos
Elyvilon
Fedhas
Gozag
Hepliaklqana
Kikubaaqudgha
Makhleb
Nemelex Xobeh
Okawaru
Qazlal
Ru
Sif Muna
Trog
Uskayaw
Vehumet
Wu Jian
Xom
Yredelemnul
Zin
The Shining One

Shops:
D:2 =   D:3 *   D:5 *   D:7 *   D:8 *   D:10 [*

Annotations:
Gauntlet 12 transporters, 12 runed translucent doors, exclusions: ice statue and orange crystal statue


Innate Abilities, Weirdness & Mutations

You have a beak for a mouth.
You have claws for feet.
Your magical nature lets you fly swiftly and evasively.


Message History

You assume a fearsome visage.
The minotaur resists with almost no effort.
The +1 spear of Infinite Pain {spect, rPois rF+ Int+2} is unaffected.
The minotaur completely misses you.
The +1 spear of Infinite Pain {spect, rPois rF+ Int+2} completely misses you.
The minotaur closely misses you.
Press: ? - help, v - describe, . - travel
Here: a minotaur, wielding the +1 spear of Infinite Pain {spect, rPois rF+ Int+2}, wearing a +0 chain mail, wearing a +0 kite shield of cold resistance, wearing the amulet of Vitality {RegenMP++ Regen++} and quivering javelins (blind)
The floor, spattered with blood.
Unknown command.
Unknown command.
Unknown command.
Unknown command.
Okay, then.
Unknown command.
Unknown command.
Press: ? - help, v - describe, . - travel
Here: a minotaur, wielding the +1 spear of Infinite Pain {spect, rPois rF+ Int+2}, wearing a +0 chain mail, wearing a +0 kite shield of cold resistance, wearing the amulet of Vitality {RegenMP++ Regen++} and quivering javelins (blind)
The floor, spattered with blood.
Unknown command.
Unknown command.
Unknown command.
Casting: Dazzling Flash (safe; 1% risk of failure)
Confirm with . or Enter, or press ? or * to list all spells.
Okay, then.
Unknown command.
Unknown command.
Unknown command.
Blink to where?
Press: ? - help, Dir - move target, p - minotaur
Found a gnarled runed staff.
Found a gate leading back out of this place.
As you read the scroll of blinking, it crumbles to dust.
The +1 spear of Infinite Pain {spect, rPois rF+ Int+2} is attracted toward you.
The minotaur is attracted toward you.
The +1 spear of Infinite Pain {spect, rPois rF+ Int+2} disappears.
The minotaur is no longer blind.
The minotaur throws a javelin.
The javelin pierces through you!!
You die...
Your body crumbles into a pile of gold.

##### ####8.8# #..#.∩.#
#.##8@8# #§###.###.#
#.§.H.....# ###.#######
......
#########.#########
#≈..........§....§# ###
####8..©.©.©.©.©.©..8####
### #8#
#8##≈...............≈##8#
#8#


You could see a minotaur.

Vanquished Creatures
  A two-headed ogre (D:10)
  A rust devil (Gauntlet)
  A hornet (D:10)
  A vampire (D:10)
  A wraith (D:10)
  A ynoxinul (Gauntlet)
  3 wyverns
  10 yaks
  Eustachio (D:4)
  A steam dragon (D:10)
  4 water moccasins
  2 sky beasts
  2 black bears
  An orc warrior (D:9)
  An ice beast (D:7)
  An ogre (D:5)
  7 centaurs
  A phantom (D:4)
  4 bullfrogs
  A gnoll sergeant (D:10)
  4 scorpions
  A wight (D:10)
  4 killer bees (D:10)
  5 howler monkeys
  5 orc priests
  2 gnoll boudas
  A sleepcap (D:5)
  3 hounds
  2 iron imps (Gauntlet)
  8 iguanas
  Terence (D:3)
  3 orc wizards
  A mummy (D:8)
  32 gnolls
  7 adders
  A white imp (D:5)
  3 ufetubi
  2 worms
  2 dart slugs
  20 orcs
  4 bats
  6 endoplasms
  4 giant cockroaches
  7 hobgoblins
  3 jackals (D:4)
  9 kobolds
  A quokka (D:3)
  6 ball pythons
  A frilled lizard (D:1)
  7 goblins
  2 hobgoblin zombies (D:8)
  A kobold zombie (D:8)
  An orc zombie (D:8)
  4 rats
208 creatures vanquished.

Vanquished Creatures (others)
  31 fulminant prisms
31 creatures vanquished.

Grand Total: 239 creatures vanquished

Notes
Turn   | Place    | Note
-------+----------+-------------------------------------------
     0 | D:1      | CrazyMind the Tengu Conjurer began the quest for the Orb.
     0 | D:1      | Reached XP level 1. HP: 10/10 MP: 4/4
    78 | D:1      | Reached XP level 2. HP: 15/15 MP: 0/6
   137 | D:1      | Learned a level 2 spell: Searing Ray
   302 | D:1      | Reached skill level 6 in Conjurations
   438 | D:1      | Found a faded altar of an unknown god.
   527 | D:1      | Reached XP level 3. HP: 19/19 MP: 3/7
   531 | D:1      | Learned a level 3 spell: Dazzling Flash
   859 | D:2      | Reached XP level 4. HP: 24/24 MP: 1/8
   947 | D:2      | Reached skill level 7 in Conjurations
  1325 | D:2      | Found Wiqalik's Jewellery Boutique.
  1634 | D:3      | Found Duth's Assorted Antiques.
  1953 | D:3      | Noticed Terence
  1965 | D:3      | Killed Terence
  1966 | D:3      | Gained mutation: Your magical nature lets you fly swiftly
                  | and evasively. [Tengu growth]
  1966 | D:3      | Reached XP level 5. HP: 7/28 MP: 0/9
  2874 | D:4      | Reached XP level 6. HP: 32/32 MP: 7/11
  2879 | D:4      | Learned a level 4 spell: Iskenderun's Mystic Blast
  3268 | D:4      | Reached skill level 8 in Conjurations
  3353 | D:4      | Identified the +2 chain mail "Qaclutu" {Str+2 Int+2 Dex-3
                  | SInv}
  3494 | D:5      | Entered Level 5 of the Dungeon
  3494 | D:5      | Noticed a black bear
  3685 | D:4      | Noticed Eustachio
  3778 | D:4      | Reached XP level 7. HP: 25/36 MP: 2/13
  4212 | D:5      | Reached skill level 9 in Conjurations
  4345 | D:5      | Found Cilua's General Store.
  4424 | D:5      | Bought 2 potions of curing for 84 gold pieces
  4424 | D:5      | Bought a scroll of identify for 28 gold pieces
  4478 | D:5      | Reached XP level 8. HP: 41/41 MP: 11/16
  4609 | D:5      | Reached skill level 5 in Spellcasting
  4981 | D:6      | Reached skill level 5 in Stealth
  5119 | D:5      | Learned a level 4 spell: Fulminant Prism
  5129 | D:6      | Reached skill level 10 in Conjurations
  5650 | D:6      | Reached XP level 9. HP: 46/46 MP: 10/19
  6003 | D:4      | Killed Eustachio
  6096 | D:7      | Found a staircase to the Ecumenical Temple.
  6106 | Temple   | Entered the Ecumenical Temple
  6279 | Temple   | Became a worshipper of Gozag Ym Sagoz the Greedy
  6387 | D:3      | Bought a scroll labelled YTIONU TOVOA for 23 gold pieces
  6387 | D:3      | Bought a cyan potion for 20 gold pieces
  6387 | D:3      | Bought 2 cyan potions for 41 gold pieces
  6487 | D:6      | Reached skill level 11 in Conjurations
  6752 | D:7      | Found Oxic's General Store.
  7082 | D:7      | Reached skill level 12 in Conjurations
  7141 | D:7      | Found a sparkling altar of Nemelex Xobeh.
  7150 | D:7      | Found a burning altar of Makhleb.
  8187 | D:8      | Found Ucheon's Assorted Antiques.
  8767 | D:8      | Reached XP level 10. HP: 51/51 MP: 13/22
  8771 | D:8      | Reached skill level 1 in Fighting
  8771 | D:8      | Reached skill level 5 in Dodging
  9857 | D:9      | Identified the +1 leather armour of Beyond {Harm +Inv rF+}
  9986 | D:10     | Entered Level 10 of the Dungeon
  9993 | D:10     | Found Xidihefats's General Store.
 10072 | D:10     | Reached skill level 13 in Conjurations
 10339 | D:10     | Found Getyuddi's Antique Armour Shop.
 10955 | D:10     | Reached skill level 1 in Hexes
 11272 | D:10     | Noticed a two-headed ogre
 11467 | D:10     | Killed a two-headed ogre
 11468 | D:10     | Reached skill level 14 in Conjurations
 11468 | D:10     | Reached XP level 11. HP: 56/56 MP: 7/25
 11766 | D:11     | Noticed a two-headed ogre
 11768 | D:11     | Found a gate leading to a gauntlet.
 11786 | Gauntlet | Entered a Gauntlet
 11786 | Gauntlet | Found a transporter.
 11796 | Gauntlet | Found a transporter.
 11811 | Gauntlet | Found a transporter.
 11813 | Gauntlet | Found a large runed translucent door.
 11813 | Gauntlet | Found a large runed translucent door.
 11814 | Gauntlet | Found a large runed translucent door.
 11814 | Gauntlet | Found a large runed translucent door.
 11815 | Gauntlet | Found a large runed translucent door.
 11815 | Gauntlet | Found a large runed translucent door.
 11815 | Gauntlet | Found a runed translucent door.
 11815 | Gauntlet | Found a runed translucent door.
 11815 | Gauntlet | Found a large runed translucent door.
 11816 | Gauntlet | Found a transporter.
 11828 | Gauntlet | Noticed a necromancer
 11838 | Gauntlet | Found a transporter.
 11838 | Gauntlet | Noticed a death yak
 11839 | Gauntlet | Noticed a death yak
 11840 | Gauntlet | Noticed a death yak
 11841 | Gauntlet | Noticed a death yak
 11848 | Gauntlet | Found a large runed translucent door.
 11849 | Gauntlet | Found a large runed translucent door.
 11850 | Gauntlet | Found a large runed translucent door.
 11850 | Gauntlet | Found a large runed translucent door.
 11851 | Gauntlet | Found a runed translucent gate.
 11852 | Gauntlet | Found a transporter.
 11852 | Gauntlet | Found a runed translucent gate.
 11853 | Gauntlet | Found a runed translucent gate.
 11854 | Gauntlet | Found a large runed translucent door.
 11854 | Gauntlet | Found a large runed translucent door.
 11855 | Gauntlet | Found a large runed translucent door.
 11856 | Gauntlet | Found a large runed translucent door.
 11861 | Gauntlet | Found a transporter.
 11875 | Gauntlet | Noticed a wretched star
 11876 | Gauntlet | Found a transporter.
 11888 | Gauntlet | Found a transporter.
 11888 | Gauntlet | Noticed an orange crystal statue
 11896 | Gauntlet | Noticed a blizzard demon
 11900 | Gauntlet | Found a transporter.
 11917 | Gauntlet | Found a transporter.
 11935 | Gauntlet | Found a transporter.
 11937 | Gauntlet | Found a transporter.
 11964 | Gauntlet | Found a transporter.
 11984 | Gauntlet | Found a transporter.
 12058 | Gauntlet | Found a large runed translucent door.
 12062 | Gauntlet | Found a transporter.
 12082 | Gauntlet | Found a transporter.
 12193 | Gauntlet | Found a transporter.
 12200 | Gauntlet | Identified the amulet "Hayxt" {RegenMP Dex+2}
 12404 | Gauntlet | Identified the ring of Fumut {rF+ rN+ MP-9 Dex+2 SInv}
 12780 | Gauntlet | Identified the +1 spear of Infinite Pain {spect, rPois rF+
                  | Int+2}
 12780 | Gauntlet | Noticed a minotaur
 12798 | Gauntlet | Hit by a javelin thrown by a minotaur

Illustrated notes

Levels and vault maps discovered:
D:1:      ebering_trefoil_3fold, layout_rooms,
          shapermc_ecumenical_altar_mp_ritualfount
D:2:      layout_basic, serial_shops, shop
D:3:      layout_basic, serial_shops, shop, uniq_terence
D:4:      layout_rooms, hangedman_decor_lopped, uniq_eustachio
D:5:      layout_cave_pools, serial_shops, shop, dreamdust_gnoll_farm
D:6:      layout_cave_pools, nicolae_wand_duel
D:7:      layout_cave_pools, mainiacjoe_overflow_swirl,
          minmay_temple_entry_large_hall, serial_shops,
          nicolae_shop_tiny_waterfront
D:8:      layout_layer_cave, serial_shops, nicolae_shop_pleasant_corner_grove,
          minmay_mini_ossuary
D:9:      layout_basic
D:10:     layout_stronghold, serial_shops, nicolae_shop_stone,
          nicolae_diamond_shop, kennysheep_generic_room_14
D:11:     minmay_the_grid_octo_triangle [minmay_the_grid_octo_horde,
          minmay_the_grid_octo_prize_star, minmay_the_grid_octo_chip],
          layout_basic, hellmonk_lair_entry_icy, gauntlet_entry_generic,
          makhleb_altar_promises_db
Temple:   nicolae_temple_slightly_damp_pantheon
Gauntlet: gammafunk_gauntlet_one_two_three [gammafunk_gauntlet_arena_split_x,
          nicolae_gauntlet_arena_t_cross, gammafunk_gauntlet_arena_teeth,
          nicolae_gauntlet_arena_grate_2, gammafunk_gauntlet_arena_corners,
          nicolae_gauntlet_arena_blocks, gammafunk_gauntlet_arena_spirals,
          minmay_gauntlet_arena_make_your_own_arena,
          gammafunk_gauntlet_arena_chambers, dreamdust_gauntlet_exit_labyrinth]

Skill      XL: |  1  2  3  4  5  6  7  8  9 10 11 |
---------------+----------------------------------+-----
Conjurations   | 6 7 8 9 10 12 14 | 14.3
Spellcasting   | 3 4 6 7 9 |  9.8
Stealth        | 3 4 5 6 |  6.4
Dodging        | 3 4 6 |  6.1
Fighting       | 1 |  1.2
Hexes          | 1 2 |  2.1

Action                     |  1- 3 |  4- 6 |  7- 9 | 10-12 || total
---------------------------+-------+-------+-------+-------++-------
  Melee: Unarmed           |     1 |       |       |       ||     1
         Dagger            |     2 |    20 |     4 |       ||    26
         Kick              |     1 |     2 |    10 |     4 ||    17
         Peck              |       |     1 |     5 |       ||     6
         Short sword       |       |       |    12 |       ||    12
         Staff             |       |       |       |     8 ||     8
  Throw: Dart              |       |     2 |     9 |     2 ||    13
         Javelin           |       |       |       |     5 ||     5
   Cast: Magic Dart        |    35 |    44 |    37 |    10 ||   126
         Searing Ray       |     5 |    35 |    69 |    36 ||   145
         Fulminant Prism   |       |       |     4 |    27 ||    31
         Iskenderun's Myst |       |       |     1 |     3 ||     4
         Dazzling Flash    |       |       |       |     5 ||     5
 Invoke: Potion Petition   |       |       |       |     2 ||     2
    Use: Scroll            |       |       |     9 |    14 ||    23
         Potion            |       |       |       |     8 ||     8
   Stab: Sleeping          |     3 |     9 |     8 |     1 ||    21
 Armour: Robe              |     3 |     6 |     7 |     5 ||    21
  Dodge: Dodged            |     3 |    32 |   160 |   183 ||   378
